Map: Acid Plant LE

Players

RebelCincy - Winner!

  • Race: Terran Terran
  • League: Master
  • Spawn Location: 5:00

blitzkrieg

  • Race: Protoss Protoss
  • League: Diamond
  • Spawn Location: 11:00

VOD

Have the link to the VOD?

Description

Time

  • Played on: Oct. 21, 2018, 11:23 a.m.
  • Length: 6:50
Show
View Real Time Build Order
Export as new Build Order

RebelCincy Terran - Winner!

Build Orders: Cyclone Opening 

Get SALT Encoding   

  12  0:01  SCV  
  13  0:13  SCV  
  14  0:17  Supply Depot  
  14  0:25  SCV  
  15  0:30  Refinery  
  15  0:39  SCV  
  16  0:45  Barracks  
  16  0:51  SCV  
  17  1:03  SCV  
  18  1:15  SCV  
  19  1:32  Marine  
  19  1:33  Orbital Command  
  19  1:38  Factory  
  20  1:40  Supply Depot  
  20  1:50  Marine  
  21  2:01  SCV  
  22  2:10  Marine  
  22  2:13  SCV  
  24  2:17  Supply Depot  
  24  2:23  Cyclone  
  24  2:26  SCV  
  24  2:28  Marine  
  29  2:38  SCV  
  30  2:50  SCV  
  31  2:55  Cyclone  
  31  2:57  Command Center  
  34  3:10  SCV  
  34  3:11  Barracks Reactor  
  35  3:25  Bunker  
  35  3:39  Widow Mine  
  35  3:40  SCV  
  38  3:44  Supply Depot  
  38  3:45  Barracks  
  38  3:46  Barracks  
  29  4:00  Widow Mine, Marine x2  
  29  4:01  SCV  
  31  4:10  Orbital Command  
  31  4:13  Refinery  
  31  4:17  Marine x2  
  31  4:22  Widow Mine  
  33  4:33  Barracks Tech Lab  
  33  4:34  Barracks Tech Lab  
  33  4:35  Marine x2  
  33  4:36  Bunker  
  35  4:49  Widow Mine  
  37  5:02  Combat Shields, Orbital Command  
  37  5:11  Widow Mine  
  37  5:20  Marine x4  
  38  5:37  Marine x2  
  33  5:51  Marine x2  
  33  5:55  Marine x2  
  35  6:03  SCV x2  
  37  6:07  Widow Mine  
  37  6:08  Starport  
  39  6:13  Marine  
  39  6:14  Marine x3  
  39  6:15  SCV  
  44  6:28  SCV x2  
  44  6:31  Marine x2  
  48  6:36  Engineering Bay  
Show
View Real Time Build Order
Export as new Build Order

blitzkrieg Protoss 

Build Orders: 1 Gate Expand 

Get SALT Encoding   

  12  0:00  Probe  
  13  0:13  Probe  
  14  0:18  Pylon  
  14  0:24  Probe  
  15  0:32  Probe  
  15  0:37  Gateway  
  15  0:40  Probe  
  16  0:47  Assimilator  
  17  0:51  Probe  
  18  1:03  Probe  
  19  1:21  Nexus  
  19  1:25  Probe  
  20  1:35  Cybernetics Core  
  21  1:40  Probe  
  21  1:43  Assimilator  
  21  1:52  Probe  
  22  1:54  Pylon  
  22  2:02  Stalker  
  22  2:04  Probe  
  24  2:16  Probe  
  24  2:18  Warp Gate  
  25  2:28  Probe  
  26  2:34  Robotics Facility  
  26  2:40  Probe  
  26  2:41  Probe  
  26  2:42  Stalker  
  30  2:52  Probe  
  31  2:59  Probe  
  31  3:04  Stalker  
  30  3:06  Probe  
  30  3:11  Immortal  
  35  3:51  Immortal  
  30  4:32  Nexus  
  30  4:44  Probe  
  30  5:00  Pylon  
  30  5:05  Probe  
  31  5:18  Probe, Warp Prism  
  34  5:30  Probe  
  35  5:43  Probe  
  36  5:56  Probe  
  35  5:57  Probe  
  36  6:08  Probe  
  36  6:09  Gateway, Probe  
  36  6:10  Gateway  
  38  6:21  Probe  
  38  6:22  Probe  
  36  6:29  Pylon  
  36  6:31  Stalker  
  38  6:33  Probe  
  38  6:34  Probe  
Tags
 
Add a new tag
Caveats
  • Supply blocks, unpowered buildings, or Contaminate may cause inaccurate times.
  • Supply counts are checked every 10 seconds.